 Dungeon Crawl Stone Soup version 0.28.0-43-g3370ac3207 (webtiles) character file.

Game seed: 6804566704032001728

91 rgdtfgyuhij the Skirmisher (level 4, -10/37 HPs)
             Began as a Human Berserker on Mar 11, 2022.
             Was a Follower of Trog.
             Killed from afar by an orc wizard (11 damage)
             ... with a magic dart
             ... on level 3 of the Dungeon.
             The game lasted 00:06:01 (3126 turns).

rgdtfgyuhij the Skirmisher (Human Berserker)        Turns: 3126, Time: 00:06:01

Health: -10/37     AC:  6    Str: 19    XL:     4   Next: 88%
Magic:  4/4        EV: 10    Int:  7    God:    Trog [*.....]
Gold:   130        SH:  0    Dex: 13    Spells: 3/3 levels left

rFire   . . .      SeeInvis .   g - +0 flail
rCold   . . .      Faith    .   (no shield)
rNeg    . . .      Spirit   .   h - +0 scale mail
rPois   .          Reflect  .   (no helmet)
rElec   .          Harm     .   (no cloak)
rCorr   .          Rampage  .   (no gloves)
Will    ++...                   (no boots)
Stlth   ..........              (no amulet)
HPRegen 1.12/turn               (no ring)
MPRegen 0.09/turn               (no ring)

@: about to teleport, strong-willed, on berserk cooldown, regenerating, slowed,
very slow
A: no striking features
a: Renounce Religion, Berserk


You were on level 3 of the Dungeon.
You worshipped Trog.
Trog was aware of your devotion.
You visited 1 branch of the dungeon, and saw 3 of its levels.

You collected 130 gold pieces.

Inventory:

Hand Weapons
 g - a +0 flail (weapon)
Missiles
 d - 6 atropa-tipped darts (quivered)
 f - 12 bolts
Armour
 h - a +0 scale mail (worn)
Scrolls
 c - 5 scrolls of identify {unknown}
Potions
 e - a potion of curing {unknown}


   Skills:
 * Level 4.0 Fighting
 * Level 4.0 Maces & Flails
 + Level 2.6 Armour
 - Level 2.0 Dodging


You had 3 spell levels left.
You didn't know any spells.
Your spell library contained the following spells:

 Spells                   Type           Power      Damage    Failure   Level
 Shock                    Conj/Air       0%         1d3       80%         1
 Frozen Ramparts          Ice            0%         1d2       99%         3
 Swiftness                Air            0%         N/A       99%         3
 Airstrike                Air            0%         N/A       100%        4
 Ice Form                 Ice/Tmut       0%         N/A       100%        4
 Summon Ice Beast         Ice/Summ       0%         N/A       100%        4


Dungeon Overview and Level Annotations

Branches:
Dungeon (3/15)

Altars:


Message History

Your skin crawls.
You feel strong-willed.
You can no longer call upon Trog for regeneration and willpower.
The orc wizard hits you with a +0 dagger.
The orc hits you with a +0 club. Something hits you but does no damage.
The orc barely misses you.
You barely miss the orc wizard.
The orc wizard is lightly wounded.
The orc wizard closely misses you. The orc barely misses you.
Something hits you.
The orc hits you with a +2 hand axe of freezing.
The orc freezes you.
The orc wizard points at you and mumbles some strange words.
The puff of flame hits you!
* * * LOW HITPOINT WARNING * * *
The orc barely misses you. Something hits you.
* * * LOW HITPOINT WARNING * * *
The orc hits you but does no damage.
Really read the scroll of immolation?
As you read the scroll of immolation, it crumbles to dust.
The creatures around you are filled with an inner flame!
The orc wizard hits you but does no damage.
The orc closely misses you. Something hits you.
* * * LOW HITPOINT WARNING * * *
The orc hits you but does no damage.
The orc wizard mumbles some strange words.
The orc wizard flickers and vanishes!
As you read the scroll labelled BIGUOV YSINI, it crumbles to dust.
You feel strangely unstable.
It was a scroll of teleportation.
The orc hits you with a +0 club.
* * * LOW HITPOINT WARNING * * *
Something hits you but does no damage. The orc closely misses you.
You hear some strange, mumbled words.
A magic dart appears from out of thin air!
The magic dart hits you.
* * * LOW HITPOINT WARNING * * *
You hear some strange, mumbled words.
A magic dart appears from out of thin air!
The magic dart hits you!
You die...

#.# #.# #. #..## ##
..###.## ##.... .###
........ .... ...
######.# #..# ..#
....##.# #..# .?#
###.##.####..# ..#
.........##..####..#####
###............o@{.....?
####.#.#######o{.##.##
#.#.# #...# #.#.# #...#
#.#.# #...# #..#. ....#
### # ...## .#..


You could see 2 orcs.

Vanquished Creatures
  Terence (D:2)
  An adder (D:2)
  2 worms (D:2)
  5 dart slugs
  An orc (D:3)
  4 bats
  3 endoplasms
  A giant cockroach (D:3)
  6 goblins
  2 hobgoblins (D:1)
  A quokka (D:2)
  7 ball pythons
  2 frilled lizards
  3 kobolds
  4 rats
43 creatures vanquished.

Notes
Turn   | Place    | Note
-------+----------+-------------------------------------------
     0 | D:1      | rgdtfgyuhij the Human Berserker began the quest for the
                  | Orb.
     0 | D:1      | Reached XP level 1. HP: 18/18 MP: 1/1
   155 | D:1      | Found a faded altar of an unknown god.
   206 | D:1      | Reached XP level 2. HP: 23/24 MP: 2/2
   783 | D:1      | Reached XP level 3. HP: 27/29 MP: 3/3
  1704 | D:2      | Noticed Terence
  1716 | D:2      | Killed Terence
  1717 | D:2      | Reached XP level 4. HP: 21/37 MP: 4/4
  3024 | D:3      | Reached ** piety under Trog
  3126 | D:3      | HP: 1/37 [something/magic dart (3)]
  3126 | D:3      | Killed from afar by an orc wizard

Illustrated notes

Levels and vault maps discovered:
D:1:      shiori_arrival_oz, layout_basic, hellmonk_ecumenical_altar_blasted
D:2:      layout_basic, serial_co_window_serial, co_window_paths_b,
          co_window_of_opportunity_a, co_window_of_opportunity_a,
          co_window_paths_a, co_window_of_opportunity_a, co_window_2corner,
          co_window_broadway_a, co_window_broadway_a, co_window_2corner,
          co_window_corner_b, co_window_paths_d, uniq_terence
D:3:      layout_loops_ring, portal_sewer_entry_b, minmay_box_of_dots

Skill      XL: |  1  2  3  4 |
---------------+-------------+-----
Fighting       | 4 |  4.0
Maces & Flails | 4 |  4.0
Armour         | |  2.6
Dodging        | |  2.0

Action                   |  1- 3 |  4- 6 || total
-------------------------+-------+-------++-------
Melee: Mace              |    74 |       ||    74
       Flail             |       |    72 ||    72
Invok: Berserk           |     2 |     1 ||     3
       Trog's Hand       |       |     1 ||     1
  Use: Scroll            |       |     2 ||     2
 Stab: Sleeping          |     1 |       ||     1
Armor: Animal skin       |     9 |       ||     9
       Scale mail        |       |    42 ||    42
Dodge: Dodged            |    43 |    50 ||    93
